 Dungeon Crawl Stone Soup version 0.18.1-48-g4cf74bf (webtiles) character file.

1398 Alarkh the Quickloader (level 8, -6/56 HPs)
             Began as a Mummy Hunter on Sept 10, 2016.
             Was a Follower of Okawaru.
             Mangled by Sigmund
             ... wielding a +0 scythe
              (10 damage)
             ... on level 6 of the Dungeon.
             The game lasted 00:08:24 (5861 turns).

Alarkh the Quickloader (Mummy Hunter)               Turns: 5861, Time: 00:08:25

Health: -6/56      AC:  4    Str: 15    XL:     8   Next: 41%
Magic:  8/8        EV: 11    Int: 12    God:    Okawaru [*.....]
Gold:   245        SH:  0    Dex: 13    Spells: 0 memorised, 7 levels left

rFire  x . .     SeeInvis .     b - +3 long sword
rCold  + . .     Gourm    .     c - +0 leather armour
rNeg   + + +     Faith    .     (no shield)
rPois  ∞         Spirit   .     (no helmet)
rElec  .         Dismiss  .     (no cloak)
rCorr  .         Reflect  .     o - +0 pair of gloves (curse)
SustAt .         Harm     .     (no boots)
MR     +....                    (no amulet)
Stlth  +.........               (no ring)
                                (no ring)

@: somewhat resistant to hostile enchantments, very unstealthy
A: no food or potions, fire vulnerability, cold resistance 1, negative energy
resistance 3, torment resistance, unbreathing
a: Heroism, Renounce Religion


You were on level 6 of the Dungeon.
You worshipped Okawaru.
Okawaru was aware of your devotion.
You were not hungry.

You visited 2 branches of the dungeon, and saw 7 of its levels.

You collected 245 gold pieces.

Inventory:

Hand Weapons
 a - a +1 hand crossbow
 b - a +3 long sword (weapon)
 j - a +0 short sword
Armour
 c - a +0 leather armour (worn)
 o - a cursed +0 pair of gloves (worn)
Wands
 p - a wand of random effects (15/48)
 r - a wand of iceblast (7/15)
Scrolls
 e - a scroll of identify
 f - a scroll of immolation
 g - a scroll of random uselessness
 h - a scroll of fog {unknown}
 i - 2 scrolls of noise
 k - 2 scrolls of enchant armour
 l - 3 scrolls of remove curse
 m - a scroll of recharging {unknown}
 n - 3 scrolls of magic mapping
 q - a scroll of teleportation {unknown}


   Skills:
 - Level 2.0 Fighting
 + Level 9.4 Crossbows
 - Level 1.5 Dodging
 - Level 0.7 Stealth


You had 7 spell levels left.
You didn't know any spells.

Dungeon Overview and Level Annotations

Branches:
Dungeon (6/15)             Temple (1/1) D:4

Altars:
Ashenzari
Cheibriados
Dithmenos
Elyvilon
Fedhas
Gozag
Kikubaaqudgha
Nemelex Xobeh
Okawaru
Pakellas
Qazlal
Ru
Sif Muna
Trog
Xom
Yredelemnul
Zin
The Shining One

Annotations:
D:5 exclusion: orc priest
D:6 Sigmund


Innate Abilities, Weirdness & Mutations

You do not eat or drink.
Your flesh is vulnerable to fire.
You are immune to poison.
Your flesh is cold resistant.
You are immune to negative energy.
You are immune to unholy pain and torment.
You can survive without breathing.


Message History

Aim: an orc warrior, wielding a dire flail and wearing a plate armour (lightly wounded)
You shoot a bolt. Something hits you.
Firing (i - inventory):
d - a bolt (quivered)
Press: ? - help, Shift-Dir - straight line, f/p - orc warrior
Aim: an orc warrior, wielding a dire flail and wearing a plate armour (lightly wounded)
You shoot a bolt.
The bolt closely misses the orc warrior.
b - a +3 long sword (weapon)
Something hits you!
You barely miss something. Something hits you but does no damage.
You hit something but do no damage. Something hits you.
* * * LOW HITPOINT WARNING * * *
You closely miss something. Something hits you.
* * * LOW HITPOINT WARNING * * *
You slash something! Something hits you.
* * * LOW HITPOINT WARNING * * *
You closely miss something. Something hits you.
* * * LOW HITPOINT WARNING * * *
You barely miss something. Something hits you!
You die...

#####@#.#....(####
#......#..#
#.#.....#.#
#......#..#
###o#.#..##.#
#......#..# #...#
#..##(# ##......#..#
#.#####..##o#
#.........>#
#...Z....##(#
#.##########
#######o.##)# #.#
#....)#.##.########.#
#....o...#.o.@...##.#
#####.##########.##.#
.o #.##.# .#
#######.##.# .?
#.......##.# #:
#.########.##########
#.# #........... #.#
###########. #.# #.


You could see an orc warrior.

Vanquished Creatures
  A hippogriff (D:4)
  A water moccasin (D:5)
  An ice beast (D:5)
  2 sky beasts
  A giant frog (D:6)
  A scorpion (D:4)
  2 water moccasin skeletons (D:6)
  A howler monkey (D:4)
  2 crimson imps
  A giant frog zombie (D:5)
  A jelly (D:6)
  An orc priest (D:6)
  A giant frog skeleton (D:5)
  5 orc wizards
  5 worker ants
  A killer bee zombie (D:6)
  8 adders
  A river rat (D:3)
  5 worms
  A dart slug (D:2)
  4 giant geckos
  15 orcs
  A ball python (D:2)
  8 bats
  10 giant cockroaches
  6 goblins
  4 hobgoblins
  4 jackals (D:2)
  7 kobolds
  7 quokkas
  A ball python skeleton (D:4)
  A giant cockroach zombie (D:6)
  2 giant newts
  A quokka skeleton (D:5)
  A quokka zombie (D:5)
  8 rats
122 creatures vanquished.

Notes
Turn   | Place    | Note
--------------------------------------------------------------
     0 | D:1      | Alarkh the Mummy Hunter began the quest for the Orb.
     0 | D:1      | Reached XP level 1. HP: 16/16 MP: 1/1
   181 | D:1      | Reached XP level 2. HP: 22/22 MP: 2/2
   790 | D:2      | Reached skill level 4 in Crossbows
   794 | D:2      | Reached XP level 3. HP: 10/27 MP: 3/3
  1381 | D:2      | Found a faded altar to an unknown god.
  1397 | D:2      | Became a worshipper of Ru the Awakened
  1397 | D:2      | Fell from the grace of Ru
  1534 | D:2      | Reached XP level 4. HP: 28/33 MP: 4/4
  1634 | D:2      | Found an ancient bone altar of Kikubaaqudgha.
  1634 | D:2      | Found a sparkling altar of Nemelex Xobeh.
  1833 | D:3      | Reached skill level 5 in Crossbows
  2014 | D:3      | Reached XP level 5. HP: 22/38 MP: 5/5
  2116 | D:3      | Noticed a sky beast
  2121 | D:3      | Killed a sky beast
  2234 | D:3      | Reached skill level 6 in Crossbows
  2351 | D:3      | Reached XP level 6. HP: 43/44 MP: 6/6
  3029 | D:4      | Noticed a hippogriff
  3037 | D:4      | Killed a hippogriff
  3037 | D:4      | Reached skill level 7 in Crossbows
  3109 | D:4      | Reached XP level 7. HP: 20/50 MP: 7/7
  3321 | D:4      | Found a white marble altar of Elyvilon.
  3322 | D:4      | Found an oddly glowing altar of Pakellas.
  3322 | D:4      | Found a glowing golden altar of the Shining One.
  3390 | D:4      | Found a staircase to the Ecumenical Temple.
  3445 | Temple   | Entered the Ecumenical Temple
  3510 | Temple   | Became a worshipper of Warmaster Okawaru
  3588 | D:5      | Entered Level 5 of the Dungeon
  3800 | D:5      | Reached * piety under Okawaru
  3800 | D:5      | Reached skill level 8 in Crossbows
  4526 | D:6      | Reached XP level 8. HP: 53/56 MP: 8/8
  4929 | D:6      | Reached skill level 9 in Crossbows
  5800 | D:6      | Noticed Sigmund
  5861 | D:6      | Mangled by Sigmund

Skill      XL: |  1  2  3  4  5  6  7  8 |
---------------+-------------------------+-----
Crossbows      | 4 5 6 7 8 9 |  9.4
Fighting       | |  2.0
Dodging        | |  1.5
Stealth        | |  0.7

Action                   |  1- 3 |  4- 6 |  7- 9 || total
-------------------------+-------+-------+-------++-------
Melee: Short sword       |       |    39 |    25 ||    64
       Long sword        |       |       |    68 ||    68
 Fire: Hand crossbow     |   115 |   112 |    73 ||   300
Invok: Renounce Religion |     1 |       |       ||     1
       Heroism           |       |       |     1 ||     1
Evoke: Wand              |       |       |     3 ||     3
  Use: Scroll            |       |     6 |     3 ||     9
 Stab: Distracted        |       |       |     1 ||     1
       Paralysed         |       |       |     5 ||     5
Armor: Leather armour    |    13 |    18 |    19 ||    50
Dodge: Dodged            |    20 |    56 |    94 ||   170
